 Dungeon Crawl Stone Soup version 0.19.0-2-gae57169 (webtiles) character file.

863 theElss the Conjurer (level 7, -1/41 HPs)
             Began as a High Elf Conjurer on Nov 6, 2016.
             Shot with an arrow by a centaur (19 damage)
             ... on level 5 of the Dungeon.
             The game lasted 00:20:38 (5849 turns).

theElss the Conjurer (High Elf Conjurer)            Turns: 5849, Time: 00:20:38

Health: -1/41      AC:  5    Str:  7    XL:     7   Next: 72%
Magic:  18/18      EV: 13    Int: 21    God:
Gold:   249        SH:  0    Dex: 16    Spells: 4 memorised, 8 levels left

rFire  . . .     SeeInvis .     g - +1 club
rCold  . . .     Gourm    .     t - +0 robe (curse)
rNeg   . . .     Faith    .     (no shield)
rPois  .         Spirit   .     d - +2 hat
rElec  .         Reflect  .     (no cloak)
rCorr  .         Harm     .     o - +0 pair of gloves
MR     +....                    (no boots)
Stlth  ++........               y - amulet of magic regeneration
                                (no ring)
                                f - ring of protection from magic

@: no status effects
A: no striking features
a: no special abilities


You were on level 5 of the Dungeon.
You were not hungry.

You visited 1 branch of the dungeon, and saw 5 of its levels.
You also visited: Ossuary.

You collected 249 gold pieces.

Inventory:

Hand Weapons
 g - a +1 club (weapon)
Armour
 a - a +0 robe
 d - a +2 hat (worn)
 o - a +0 pair of gloves (worn)
 t - a cursed +0 robe (worn)
Jewellery
 f - a ring of protection from magic (left hand)
 y - an amulet of magic regeneration (around neck)
Scrolls
 e - a scroll of magic mapping
 h - 4 scrolls of enchant armour
 k - 2 scrolls of remove curse
 n - 5 scrolls of enchant weapon
 v - 3 scrolls of fear
 x - a scroll of immolation
 z - a scroll of teleportation
Potions
 j - 3 potions of magic {unknown}
 m - 4 potions of curing
 r - a potion of heal wounds {unknown}
 s - a potion of berserk rage {unknown}
 u - a potion of resistance {unknown}
 w - 2 potions of mutation {unknown}
 A - a potion of cure mutation {unknown}
 B - 2 potions of lignification {unknown}
 C - 2 potions of might {unknown}
 D - a potion of flight {unknown}
 E - a potion of cancellation {unknown}
Books
 b - a book of Conjurations

   Spells                             Type                      Level
   a - Magic Dart                     Conjuration                  1
   b - Searing Ray                    Conjuration                  2
   c - Dazzling Spray                 Conjuration/Hexes            3
   d - Fulminant Prism                Conjuration/Hexes            4
   e - Iskenderun's Mystic Blast      Conjuration                  4
   f - Iskenderun's Battlesphere      Conjuration/Charms           5
Comestibles
 c - 4 bread rations
 i - 3 meat rations
 l - a beef jerky
 p - 5 fruits
 q - 2 chunks of flesh


   Skills:
 - Level 2.3 Dodging
 - Level 2.3 Stealth
 + Level 7.3 Spellcasting
 + Level 7.9 Conjurations


You had 8 spell levels left.
You knew the following spells:

 Your Spells              Type           Power        Failure   Level  Hunger
a - Magic Dart            Conj           ####         1%          1    None
b - Iskenderun's Battles  Conj/Chrm      ###.....     54%         5    #####..
c - Searing Ray           Conj           #####.       1%          2    None
d - Iskenderun's Mystic   Conj           #####...     3%          4    ###....


Dungeon Overview and Level Annotations

Branches:
Dungeon (5/15)
 Temple: D:4-7

Altars:
Xom

Shops:
D:4 :


Message History

E - a dark potion A centaur comes into view.
Found 11 gold pieces.
Casting: Searing Ray
Confirm with . or Enter, or press ? or * to list all spells.
Aiming: Magic Dart
Press: ? - help, Shift-Dir - straight line, f - centaur
Aim: a centaur (resting)
The magic dart hits the centaur.
The centaur is lightly wounded.
The centaur shouts!
The centaur wields a shortbow.
The centaur shoots an arrow.
The arrow hits you.
The centaur shoots an arrow.
The arrow hits you!
You see here an arrow.
A centaur skeleton comes into view.
The centaur shoots an arrow.
The arrow misses you.
The centaur shoots an arrow.
The arrow hits you!
You see here an arrow.
The centaur shoots an arrow.
The arrow hits you!!
You die...

#. #.# . #.
#.# .. #.
#.# ..Z #.
#.#
....##.###.#
.......((..#
...##.(####
#.(# #.@#
#.$# #..#
...# ###c#
#.# #.# #..


You could see a centaur.

Vanquished Creatures
  The ghost of Chiseanne the Charlatan, an amateur HEAr of Vehumet (Ossuary)
  The ghost of BadBadger the Cudgeler, an amateur DsAK of Lugonu (D:3)
  A centaur (D:5)
  3 water moccasin zombies (Ossuary)
  A howler monkey (D:4)
  The ghost of Chiseanne the Charlatan, a weakling HEAr (D:4)
  An iguana (D:5)
  Ijyb (D:2)
  4 worker ants
  2 mummies (Ossuary)
  5 adders
  3 oozes
  5 adder zombies (Ossuary)
  An adder skeleton (D:4)
  3 worms
  4 dart slugs
  2 leopard geckos
  12 orcs
  6 bats
  6 giant cockroaches
  8 goblins
  4 hobgoblins
  6 jackals
  11 kobolds
  A quokka (D:4)
  3 ball pythons
  3 frilled lizards
  6 gnoll zombies (Ossuary)
  4 hobgoblin zombies (Ossuary)
  4 kobold zombies (Ossuary)
  An orc zombie (Ossuary)
  14 rats
128 creatures vanquished.

Vanquished Creatures (others)
  An orc zombie (Ossuary)
1 creature vanquished.

Grand Total: 129 creatures vanquished

Notes
Turn   | Place    | Note
-------+----------+-------------------------------------------
     0 | D:1      | theElss the High Elf Conjurer began the quest for the Orb.
     0 | D:1      | Reached XP level 1. HP: 11/11 MP: 4/4
   144 | D:1      | Reached XP level 2. HP: 17/17 MP: 3/6
   180 | D:1      | Learned a level 2 spell: Searing Ray
   325 | D:1      | Reached skill level 5 in Conjurations
   539 | D:1      | Reached XP level 3. HP: 21/21 MP: 1/7
  1345 | D:2      | Reached XP level 4. HP: 27/27 MP: 6/9
  1403 | D:2      | Found a faded altar of an unknown god.
  2004 | D:2      | Learned a level 4 spell: Iskenderun's Mystic Blast
  2028 | D:3      | Noticed Ijyb
  2185 | D:2      | Killed Ijyb
  2484 | D:3      | Reached XP level 5. HP: 31/31 MP: 7/11
  2512 | D:3      | Noticed BadBadger's ghost (amateur DsAK)
  3817 | D:3      | Killed BadBadger's ghost
  3817 | D:3      | Reached skill level 5 in Spellcasting
  3817 | D:3      | Reached XP level 6. HP: 36/36 MP: 4/14
  3937 | D:3      | Learned a level 5 spell: Iskenderun's Battlesphere
  4140 | D:4      | Found Ikhac's Book Boutique.
  4215 | D:4      | Noticed Chiseanne's ghost (weakling HEAr)
  4237 | D:4      | Killed Chiseanne's ghost
  4762 | D:5      | Entered Level 5 of the Dungeon
  4762 | D:5      | Found a shimmering altar of Xom.
  4826 | D:5      | Reached XP level 7. HP: 22/41 MP: 12/17
  4840 | D:5      | Found a sand-covered staircase.
  4968 | Ossuary  | Entered an ossuary
  5082 | Ossuary  | Noticed Chiseanne's ghost (amateur HEAr)
  5094 | Ossuary  | Killed Chiseanne's ghost
  5849 | D:5      | Shot with an arrow by a centaur

Skill      XL: |  1  2  3  4  5  6  7 |
---------------+----------------------+-----
Conjurations   | 5 6 7 |  7.9
Spellcasting   | 3 5 6 7 |  7.3
Dodging        | |  2.3
Stealth        | |  2.3

Action                   |  1- 3 |  4- 6 |  7- 9 || total
-------------------------+-------+-------+-------++-------
Melee: Club              |     1 |     5 |       ||     6
 Cast: Magic Dart        |    71 |    93 |    11 ||   175
       Searing Ray       |     2 |    28 |    15 ||    45
  Use: Scroll            |       |     6 |     2 ||     8
  Eat: Chunk             |     1 |    11 |     2 ||    14
       Pizza             |       |       |     1 ||     1
Armor: Robe              |     4 |    20 |     7 ||    31
Dodge: Dodged            |     5 |    61 |    20 ||    86
